Selects Australian Defense Battlegroup
Selects Australian Light Infantry Section
Australian Light Infantry Section
Australian Light Infantry Section
Construct Section Command Post
Selects 2-pounder Anti-tank Gun Team
2-pounder Anti-tank Gun Team
Construct Platoon Command Post
Unlock M3 Stuart Light Tanks
Selects Vehicle Over Repair
Unlock Bishop Self-propelled Artillery
Bishop Self-propelled Artillery
Australian Light Infantry Section
Bishop Self-propelled Artillery
Selects CMP 15cwt Supply Run
Selects Artillery Trip Wire Flares
Australian Light Infantry Section
Construct Company Command Post
Selects Archer Tank Destroyer